 Dungeon Crawl Stone Soup version 0.31.0-11-ge490571c62 (webtiles) character file.

Game seed: 11746216387705543415

28 Gadfly the Ruffian (level 3, 26/26 HPs)
             Began as a Demonspawn Shapeshifter on Jan 27, 2024.
             Quit the game on level 2 of the Dungeon.
             The game lasted 00:01:34 (1069 turns).

Gadfly the Ruffian (Demonspawn Shapeshifter)        Turns: 1069, Time: 00:01:35

Health: 26/26      AC:  3    Str: 16    XL:     3   Next: 0%
Magic:  3/3        EV: 12    Int: 10    God:
Gold:   77         SH:  0    Dex: 18    Spells: 2/2 levels left

rFire   . . .        b - +2 short sword (freeze)
rCold   . . .        (no shield)
rNeg    . . .        a - +1 animal skin
rPois   .            (helmet currently unavailable)
rElec   .            (cloak currently unavailable)
rCorr   .            e - melded +1 pair of gloves
SInv    .            (boots currently unavailable)
Will    .....        (no amulet)
Stlth   ++           i - +6 ring of dexterity
HPRegen 0.24/turn    (no ring)
MPRegen 0.16/turn

%: no passive effects
@: beast-form
A: beast (slay +1), horns 1, magic regeneration
a: Begin Untransformation


You were on level 2 of the Dungeon.
You were a hulking beast.
You visited 1 branch of the dungeon, and saw 2 of its levels.

You collected 77 gold pieces.

Inventory:

Hand Weapons
 b - a +2 short sword of freezing (weapon)
Armour
 a - a +1 animal skin (worn)
 e - a +1 pair of gloves (melded)
Jewellery
 i - a +6 ring of dexterity (left hand)
Talismans
 c - a beast talisman (active)
 d - a flux talisman
Scrolls
 h - a scroll of identify
Potions
 f - a potion of lignification
 g - a potion of heal wounds {unknown}
 k - a potion of haste
 l - a potion of might
 m - a potion of curing


   Skills:
 + Level 1.3 Fighting
 * Level 2.2 Dodging
 + Level 2.9 Unarmed Combat
 * Level 1.3 Evocations
 + Level 2.8 Shapeshifting


You had 2 spell levels left.
You didn't know any spells.
Your spell library was empty.

Dungeon Overview and Level Annotations

Branches:
Dungeon (2/15)

Altars:

Shops:
D:2 [

Annotations:
D:2 1 runed translucent door, Crazy Yiuf


Innate Abilities, Weirdness & Mutations

You are a hulking beast.
Your limbs bulge with bestial killing power. (Slay +1)
You have a pair of small horns on your head.
You regenerate magic rapidly.


Message History

The goblin shouts!
The goblin closely misses you.
You hit the goblin. You freeze the goblin.
You kill the goblin!
No target in view!
No target in view!
No target in view!
No target in view!
No target in view!
No target in view!
No target in view!
No target in view!
No target in view!
No target in view!
No target in view!
Found an escape hatch in the floor.
Things that are here:
a +0 dagger; a goblin corpse
Found a hammer.
Found a runed translucent door.
Crazy Yiuf shouts!
g - a smoky white potion No target in view!
No target in view!
No target in view!
Found a pair of gloves.
You now have 77 gold pieces (gained 11).
A frilled lizard comes into view.
A frilled lizard is nearby!
You see here a +0 pair of gloves.
The helpless frilled lizard fails to defend itself.
You puncture the frilled lizard! You freeze the frilled lizard.
You kill the frilled lizard!
You have reached level 3!
Your experience leads to an increase in your attributes!
Your base attributes are Str 14, Int 10, Dex 12.
Increase (S)trength, (I)ntelligence, or (D)exterity?
You feel stronger. x2; Your demonic ancestry asserts itself...
Your magic begins to regenerate rapidly.
Okay, then.
Are you sure you want to abandon this character and quit the game? (Confirm with "yes".)

#.....<........
#..##...###.#..
#..###.## #.#
#... ..# #.#
##.###.# #.# #.#
#.# #.# #######.#
#.# #.# ........#
#.# #†# #####
#.###.####h#
#..........#
###.##...#####
#####......#.....
...#>........####
............##
##.#..#.#......
#.............
###.##.##.####


There were no monsters in sight!

Vanquished Creatures
  5 ball pythons
  An endoplasm (D:1)
  4 giant cockroaches (D:1)
  3 hobgoblins
  4 bats
  A frilled lizard (D:2)
  3 goblins
  2 kobolds (D:1)
  2 rats (D:1)
25 creatures vanquished.

Notes
Turn   | Place    | Note
-------+----------+-------------------------------------------
     0 | D:1      | Gadfly the Demonspawn Shapeshifter began the quest for the
                  | Orb.
     0 | D:1      | Reached XP level 1. HP: 15/15 MP: 1/1
   283 | D:1      | Gained mutation: You have a pair of small horns on your
                  | head. [demonic ancestry]
   283 | D:1      | Reached XP level 2. HP: 21/21 MP: 2/2
   284 | D:1      | Found a faded altar of an unknown god.
   515 | D:1      | Reached skill level 1 in Evocations
   876 | D:2      | Found Kausy's Antique Armour Emporium.
  1014 | D:2      | Found a runed translucent door.
  1015 | D:2      | Noticed Crazy Yiuf
  1069 | D:2      | Gained mutation: You regenerate magic rapidly. [demonic
                  | ancestry]
  1069 | D:2      | Reached XP level 3. HP: 26/26 MP: 3/3
  1069 | D:2      | Quit the game

Illustrated notes

Levels and vault maps discovered:
D:1:      co_arrival_square_in_a_square_in_a_square, layout_basic,
          hellmonk_ecumenical_altar_crossroads
D:2:      layout_loops_ring, serial_shops, nicolae_shop_crystal, nicolae_titane,
          uniq_sigmund, uniq_crazy_yiuf_cottage, uniq_jessica

Skill      XL: |  1  2 |
---------------+-------+-----
Dodging        | 2 |  2.2
Evocations     | 1 |  1.3
Fighting       | |  1.3
Unarmed Combat | |  2.9
Shapeshifting  | |  2.8

Action                     || total
---------------------------++-------
  Melee: Unarmed           ||    11
         Short sword       ||    36
         Punch             ||     1
         Headbutt          ||     3
Ability: Begin Untransform ||     1
    Use: Scroll            ||     7
   Stab: Sleeping          ||     4
 Armour: Animal skin       ||    15
  Dodge: Dodged            ||    21
   Form: Beast             ||     1
